 Dungeon Crawl Stone Soup version 0.27-a0-1273-gec92ba881d (webtiles) character file.

Game seed: 6139577199861089989

26 ZappyNine the Grasshopper (level 3, -2/28 HPs)
             Began as a Human Warper on June 11, 2021.
             Slain by Sigmund
             ... wielding a +0 scythe
              (13 damage)
             ... on level 2 of the Dungeon.
             The game lasted 00:01:05 (1723 turns).

ZappyNine the Grasshopper (Human Warper)            Turns: 1723, Time: 00:01:06

Health: -2/28      AC:  3    Str: 12    XL:     3   Next: 22%
Magic:  6/6        EV: 11    Int: 13    God:
Gold:   36         SH:  0    Dex: 12    Spells: 1/6 levels left

rFire    . . .     SeeInvis .   a - +0 mace
rCold    . . .     Faith    .   (no shield)
rNeg     . . .     Spirit   .   b - +0 leather armour
rPois    .         Reflect  .   (no helmet)
rElec    .         Harm     .   (no cloak)
rCorr    .         Rampage  .   (no gloves)
Will     .....                  (no boots)
Stlth    +.........             (no amulet)
HPRegen  0.09/turn              (no ring)
MPRegen  0.10/turn              (no ring)

@: no status effects
A: no striking features
a: no special abilities


You were on level 2 of the Dungeon.
You visited 1 branch of the dungeon, and saw 2 of its levels.

You collected 36 gold pieces.

Inventory:

Hand Weapons
 a - a +0 mace (weapon)
Armour
 b - a +0 leather armour (worn)
Scrolls
 c - a scroll of fog {unknown}
 d - a scroll of blinking
 h - 2 scrolls of immolation {unknown}
 i - a scroll of enchant weapon {unknown}
Potions
 f - a potion of heal wounds {unknown}
 g - a potion of cancellation {unknown}
 j - a potion of brilliance {unknown}


   Skills:
 + Level 2.6 Fighting
 - Level 2.5 Maces & Flails
 - Level 1.0 Throwing
 - Level 1.0 Armour
 - Level 2.0 Dodging
 + Level 2.2 Spellcasting
 + Level 3.1 Translocations


You had one spell level left.
You knew the following spells:

 Your Spells              Type           Power      Damage    Failure   Level
a - Gell's Gravitas       Tloc           4%         N/A       26%         3
b - Blink                 Tloc           N/A        N/A       13%         2

Your spell library contained the following spells:

 Spells                   Type           Power      Damage    Failure   Level
 Lesser Beckoning         Tloc           4%         N/A       26%         3
 Teleport Other           Tloc           9%         N/A       26%         3
 Manifold Assault         Tloc           9%         N/A       94%         5


Dungeon Overview and Level Annotations

Branches:
Dungeon (2/15)

Altars:

Annotations:
D:2 Sigmund


Message History

Unknown command.
Sigmund closely misses you.
You barely miss Sigmund. Sigmund misses you.
Sigmund's eyes start glowing with a red light.
Sigmund casts a spell at you. The puff of flame hits you!
You closely miss Sigmund. Sigmund hits you but does no damage.
You hit Sigmund.
Sigmund is lightly wounded.
Sigmund misses you.
You hit Sigmund but do no damage.
Sigmund is lightly wounded.
Sigmund hits you with a +0 scythe.
Sigmund gestures wildly while chanting.
Sigmund flickers and vanishes!
Deactivating autopickup; reactivate with Ctrl-A.
No target in view!
No target in view!
No target in view!
No target in view!
No target in view!
No target in view!
No target in view!
No target in view!
No target in view!
No target in view!
No target in view!
No target in view!
No target in view!
No target in view!
No target in view!
No target in view!
No target in view!
No target in view!
Unknown command.
Something hits you.
There is a stone staircase leading up, spattered with blood here.
Unknown command.
Something hits you!
You die...

.#.. ...#
##.$## ....
#..# #..# #..#
#@.#
........>{....#
#####..########
#.. #.. #.. #..
#..


There were no monsters in sight!

Vanquished Creatures
  An endoplasm (D:1)
  2 goblins (D:1)
  3 hobgoblins (D:1)
  8 jackals (D:1)
  2 ball pythons (D:1)
  2 bats (D:1)
  A frilled lizard (D:1)
  3 kobolds (D:1)
  A rat (D:1)
23 creatures vanquished.

Notes
Turn   | Place    | Note
-------+----------+-------------------------------------------
     0 | D:1      | ZappyNine the Human Warper began the quest for the Orb.
     0 | D:1      | Reached XP level 1. HP: 16/16 MP: 3/3
   131 | D:1      | Reached XP level 2. HP: 18/22 MP: 5/5
  1145 | D:1      | Reached XP level 3. HP: 26/28 MP: 6/6
  1295 | D:1      | Learned a level 3 spell: Gell's Gravitas
  1298 | D:1      | Learned a level 2 spell: Blink
  1646 | D:2      | Noticed Sigmund
  1723 | D:2      | Slain by Sigmund

Illustrated notes

Levels and vault maps discovered:
D:1:      dpeg_arrival_circle_labyrinth_b, layout_loops_ring,
          corexii_item_surrounded_by_moat
D:2:      layout_loops_ring, serial_shops, shop, minmay_surrounded, uniq_sigmund

Action                   || total
-------------------------++-------
Melee: Mace              ||    77
Throw: Boomerang         ||     5
Armor: Leather armour    ||    24
Dodge: Dodged            ||    49

Table legend: (Time is in decaauts)
 A = Elapsed time spent in this place.
 B = Non-inter-level travel time spent in this place.
 C = Inter-level travel time spent in this place.
 D = Time resting spent in this place.
 E = Time spent auto-exploring this place.
 F = Levels seen in this place.
 G = Mean time per level.
                   A        B        C        D        E       F      G
               +--------+--------+--------+--------+--------+-----+--------+
         Total |   1747 |   1651 |     96 |    483 |    995 |   2 |  873.5 |
       Dungeon |   1747 |   1651 |     96 |    483 |    995 |   2 |  873.5 |
               +--------+--------+--------+--------+--------+-----+--------+

Top non-repeatable levels by time:
     D:1: 1727 daAuts
     D:2: 19 daAuts
